 Dungeon Crawl Stone Soup version 0.26-a0-639-g72c4674329 (webtiles) character file.

Game seed: 10373926278216924574

1024 Ijustatesigmund the Slinger (level 8, -7/54 HPs)
             Began as a Halfling Hunter on Sept 18, 2020.
             Was an Initiate of Cheibriados.
             Killed from afar by an electric eel (12 damage)
             ... with a bolt of electricity
             ... on level 6 of the Dungeon.
             The game lasted 00:11:51 (5511 turns).

Ijustatesigmund the Slinger (Halfling Hunter)       Turns: 5511, Time: 00:11:52

Health: -7/54      AC:  9    Str: 14    XL:     8   Next: 46%
Magic:  8/8        EV: 14    Int: 10    God:    Cheibriados [......]
Gold:   253        SH:  0    Dex: 20    Spells: 7/7 levels left

rFire    . . .     SeeInvis +   a - +1 hunting sling
rCold    . . .     Faith    .   (shield restricted)
rNeg     . . .     Spirit   .   c - +0 scale mail
rPois    .         Reflect  .   n - +1 helmet
rElec    .         Harm     .   (no cloak)
rCorr    .         Rampage  .   q - +0 pair of gloves (curse)
MR       .....                  (no boots)
Stlth    +.........             (no amulet)
HPRegen  0.18/turn              l - ring of see invisible
MPRegen  0.11/turn              (no ring)

@: very slow
A: small, agile 1, mutation resistance 1, MP-powered wands
a: Bend Time, Renounce Religion


You were on level 6 of the Dungeon.
You worshipped Cheibriados.
Cheibriados was noncommittal.
You visited 2 branches of the dungeon, and saw 7 of its levels.

You collected 253 gold pieces.

Inventory:

Hand Weapons
 a - a +1 hunting sling (weapon)
 b - a +0 short sword
Missiles
 d - 33 sling bullets (quivered)
 e - 112 stones
Armour
 c - a +0 scale mail (worn)
 j - a +0 pair of gloves
 n - a +1 helmet (worn)
 q - a cursed +0 pair of gloves (worn)
Jewellery
 l - a ring of see invisible (left hand)
 s - an uncursed ring of protection from fire
Wands
 w - a wand of random effects (17)
Scrolls
 g - 5 scrolls of remove curse
 h - 2 scrolls of identify
 i - 4 scrolls of teleportation
 u - a scroll of fear
Potions
 f - 2 potions of berserk rage
 k - a potion of curing
 m - 3 potions of brilliance
 o - a potion of magic {unknown}
 p - 2 potions of degeneration {unknown}
 r - a potion of resistance
 t - a potion of heal wounds {unknown}


   Skills:
 + Level 4.7 Fighting
 - Level 4.2 Short Blades
 + Level 9.1 Slings
 - Level 2.0 Armour
 - Level 3.9 Dodging
 + Level 3.8 Stealth


You had 7 spell levels left.
You didn't know any spells.
Your spell library was empty.

Dungeon Overview and Level Annotations

Branches:
Dungeon (6/15)             Temple (1/1) D:4

Altars:
Ashenzari
Cheibriados
Dithmenos
Fedhas
Gozag
Hepliaklqana
Makhleb
Nemelex Xobeh
Okawaru
Sif Muna
Trog
Uskayaw
Vehumet
Wu Jian
Xom
Yredelemnul
Zin

Shops:
D:4 }   D:5 (


Innate Abilities, Weirdness & Mutations

You are small and have problems with some larger weapons.
You are somewhat resistant to further mutation.
You are agile. (Dex +2)
You expend magic power (3 MP) to strengthen your wands.


Message History

Firing (i - inventory. (/) - cycle)
d - 35 sling bullets (quivered)
Press: ? - help, Shift-Dir - straight line, f/p - electric eel
Aim: an electric eel (severely wounded)
You shoot a sling bullet.
The sling bullet barely misses the electric eel.
You hear a splash.
The electric eel shoots out a bolt of lightning at you!
The bolt of electricity misses you. The bolt of electricity hits you!
* * * LOW HITPOINT WARNING * * *
Firing (i - inventory. (/) - cycle)
d - 34 sling bullets (quivered)
Press: ? - help, Shift-Dir - straight line, f/p - electric eel
Aim: an electric eel (severely wounded)
You shoot a sling bullet.
The sling bullet misses the electric eel.
You hear a splash.
The electric eel shoots out a bolt of lightning at you!
The bolt of electricity hits you!
* * * LOW HITPOINT WARNING * * *
The bolt of electricity hits you!
You die...

♣≈≈≈≈≈
♣♣♣≈≈≈P(≈≈
♣≈≈≈≈≈≈≈≈♣
≈≈≈≈≈≈≈≈≈♣##
≈≈≈≈≈≈≈;≈..####
....(.........
≈≈≈≈(≈≈≈♣..#
≈≈≈≈≈((≈÷#######
≈≈≈≈(≈≈@.[÷<...#
≈≈≈≈≈♣♣#######.#
≈≈≈♣ #.# ≈♣ ..#
####


You could see an electric eel.

Vanquished Creatures
  Sigmund (D:6)
  A sky beast (D:5)
  An ogre (D:5)
  A bullfrog (D:6)
  A scorpion (D:6)
  2 electric eels (D:6)
  2 howler monkeys
  2 hounds (D:4)
  An orc wizard (D:4)
  A centaur zombie (D:6)
  3 worker ants
  3 hound skeletons
  A worker ant zombie (D:6)
  Robin (D:4)
  5 adders
  A shadow imp (D:6)
  2 ufetubi (D:6)
  An ooze (D:4)
  A worm (D:2)
  7 dart slugs
  4 leopard geckos (D:1)
  7 orcs
  3 bats (D:1)
  2 giant cockroaches
  9 hobgoblins
  6 jackals
  A quokka (D:2)
  4 frilled lizards
  A giant cockroach zombie (D:6)
  16 goblins
  11 kobolds
  8 rats
  A spectral orc (D:3)
111 creatures vanquished.

Vanquished Creatures (others)
  23 plants
23 creatures vanquished.

Grand Total: 134 creatures vanquished

Notes
Turn   | Place    | Note
-------+----------+-------------------------------------------
     0 | D:1      | Ijustatesigmund the Halfling Hunter began the quest for the
                  | Orb.
     0 | D:1      | Reached XP level 1. HP: 14/14 MP: 1/1
     3 | D:1      | Noticed an electric eel
     3 | D:1      | Noticed an electric eel
   134 | D:1      | Reached skill level 6 in Slings
   134 | D:1      | Reached XP level 2. HP: 19/19 MP: 2/2
   354 | D:1      | Reached skill level 1 in Short Blades
   397 | D:1      | Reached XP level 3. HP: 24/24 MP: 3/3
  1013 | D:2      | Found an ornate altar of the Wu Jian Council.
  1041 | D:2      | Reached XP level 4. HP: 30/30 MP: 4/4
  1637 | D:3      | Found an iron altar of Okawaru.
  1700 | D:3      | Found a hazy altar of Hepliaklqana.
  1806 | D:3      | Reached XP level 5. HP: 13/35 MP: 5/5
  2377 | D:3      | Found a basalt altar of Yredelemnul.
  2505 | D:4      | Found a shattered altar of Ashenzari.
  2554 | D:4      | Noticed Robin
  2712 | D:4      | Killed Robin
  2712 | D:4      | Reached skill level 7 in Slings
  2719 | D:4      | Reached XP level 6. HP: 38/42 MP: 6/6
  2978 | D:4      | Found a shadowy altar of Dithmenos.
  3150 | D:4      | Found Ymmom's Gadget Shop.
  3373 | D:4      | Reached skill level 1 in Armour
  3462 | D:4      | Found a staircase to the Ecumenical Temple.
  3630 | D:5      | Entered Level 5 of the Dungeon
  3640 | D:5      | Gained mutation: You expend magic power (3 MP) to
                  | strengthen your wands. [potion of mutation]
  3640 | D:5      | Gained mutation: You are agile. (Dex +2) [potion of
                  | mutation]
  3644 | D:5      | Found Fudwyvapn's Antique Weapon Shop.
  3667 | D:5      | Noticed an ogre
  3678 | D:5      | Killed an ogre
  3678 | D:5      | Reached XP level 7. HP: 46/46 MP: 7/7
  3841 | D:5      | Reached skill level 8 in Slings
  3857 | Temple   | Entered the Ecumenical Temple
  4079 | Temple   | Became a worshipper of Cheibriados the Contemplative
  5215 | D:6      | Reached XP level 8. HP: 44/54 MP: 8/8
  5241 | D:6      | Noticed Sigmund
  5269 | D:6      | Killed Sigmund
  5274 | D:6      | Reached skill level 9 in Slings
  5511 | D:6      | Killed from afar by an electric eel

Illustrated notes

Levels and vault maps discovered:
D:1:      arrival_aquarium_b, layout_loops_ring, moated_statue
D:2:      cheibrodos_old_hovel, layout_rooms, lemuel_tele_altar
D:3:      layout_basic, okawaru_metal_pillars_1_2,
          yredelemnul_forgotten_temple_becter, old_standard_altar
D:4:      layout_loops_cross, cheibrodos_ashenzari_chains,
          minmay_temple_entry_from_below_a, serial_shops, nicolae_shop_crystal,
          nicolae_dithmenos_through_a_glass_darkly, uniq_robin
D:5:      layout_basic, serial_shops, nicolae_shop_stone,
          minmay_misc_feat_encased
D:6:      layout_loops_ring, nicolae_qazlal_eye_of_the_storm, basic_altar,
          minmay_misc_feat_enclosed, serial_bayou_lagoon_b, uniq_sigmund
Temple:   minmay_temple_bridge_abc

Skill      XL: |  1  2  3  4  5  6  7  8 |
---------------+-------------------------+-----
Slings         | 6 7 8 9 |  9.1
Fighting       | 2 3 4 |  4.7
Short Blades   | 1 2 3 4 |  4.2
Dodging        | 3 |  3.9
Armour         | 1 2 |  2.0
Stealth        | 2 3 |  3.8

Action                   |  1- 3 |  4- 6 |  7- 9 || total
-------------------------+-------+-------+-------++-------
Melee: Short sword       |       |     2 |       ||     2
 Fire: Hunting sling     |    87 |   220 |   145 ||   452
  Use: Scroll            |     1 |     9 |       ||    10
       Potion            |       |     2 |       ||     2
Armor: Leather armour    |     2 |       |       ||     2
       Scale mail        |       |    31 |    21 ||    52
Dodge: Dodged            |    18 |    71 |    40 ||   129

Table legend: (Time is in decaauts)
 A = Elapsed time spent in this place.
 B = Non-inter-level travel time spent in this place.
 C = Inter-level travel time spent in this place.
 D = Time resting spent in this place.
 E = Time spent auto-exploring this place.
 F = Levels seen in this place.
 G = Mean time per level.
                   A        B        C        D        E       F      G
               +--------+--------+--------+--------+--------+-----+--------+
         Total |   5629 |   5473 |    156 |    966 |   3720 |   7 |  804.1 |
       Dungeon |   5375 |   5250 |    125 |    966 |   3521 |   6 |  895.8 |
        Temple |    254 |    223 |     31 |      0 |    199 |   1 |  254.0 |
               +--------+--------+--------+--------+--------+-----+--------+

Top non-repeatable levels by time:
     D:5: 1485 daAuts
     D:4: 1224 daAuts
     D:3: 930 daAuts
     D:1: 910 daAuts
     D:2: 545 daAuts
     D:6: 279 daAuts
  Temple: 254 daAuts
